[Event "4th Xinqiao Cup 2018"]
[Site "Wenzhou"]
[Date "2018.08.12"]
[Round "2"]
[White "Tan, Zhongyi"]
[Black "Dzagnidze, Nana"]
[Result "1/2-1/2"]
[ECO "B49"]
[WhiteElo "2530"]
[BlackElo "2519"]
[Annotator "ChessBase"]
[PlyCount "99"]
[EventDate "2018.08.11"]
[EventType "match"]
[EventCountry "CHN"]
[SourceTitle "playchess.com"]
[Source "ChessBase"]
[SourceQuality "1"]
[TimeControl "40/5400+30:1800+30"]

1. e4 c5 2. Nf3 e6 3. d4 cxd4 4. Nxd4 Nc6 5. Nc3 a6 6. Be2 Qc7 7. O-O Nf6 8. Be3 b5 9. Nxc6 dxc6 10. f4 b4 11. Na4 c5 12. c3 Rb8 13. cxb4 Rxb4 14. Rc1 Nxe4 15. a3 Rb8 16. Bf3 Bb7 17. Bxe4 Bxe4 18. Bxc5 Rxb2 19. Nxb2 Bxc5+ 20. Kh1 Qb7 21. Qg4 Qxb2 22. Rxc5 O-O 23. Qg3 Rd8 24. Rfc1 Bb7 25. h3 h6 26. R5c2 Qb5 27. Kh2 Rd3 28. Qf2 Rxa3 29. Rb2 Rb3 30. Rcb1 Rxb2 31. Qxb2 Qxb2 32. Rxb2 Bd5 33. Rb6 Bc4 34. Kg3 Kh7 35. Rb7 Kg6 36. Rc7 Bb5 37. Kf3 Kf6 38. g4 g5 39. Kg3 Bd3 40. h4 gxh4+ 41. Kxh4 Be2 42. Rc8 Bf3 43. Kg3 Bd5 44. Kf2 a5 45. Rc5 a4 46. Ra5 Bb3 47. Ke3 Bd1 48. g5+ hxg5 49. Rxg5 Bb3 50. Ra5 1/2-1/2